 Dungeon Crawl Stone Soup version 0.19-a0-1071-g4ed3155 (webtiles) character file.

3497 4thArraOfDagon the Cleaver (level 9, 0/70 HPs)
             Began as a Minotaur Berserker on Aug 5, 2016.
             Was an Elder of Trog.
             Killed from afar by an orc sorcerer (7 damage)
             ... with a bolt of negative energy
             ... led by an orc knight
             ... on level 2 of the Orcish Mines.
             The game lasted 00:10:48 (1999 turns).

4thArraOfDagon the Cleaver (Minotaur Berserker)     Turns: 1999, Time: 00:10:49

Health: 0/70       AC: 13    Str: 21    XL:     9   Next: 80%
Magic:  9/10       EV:  7    Int:  4    God:    Trog [****..]
Gold:   610        SH:  0    Dex: 11    Spells: 0 memorised, 8 levels left

rFire  . . .     SeeInvis .     p - +0 battleaxe
rCold  . . .     Gourm    .     y - -1 plate armour (curse)
rNeg   . . .     Faith    .     (shield currently unavailable)
rPois  .         Spirit   .     (helmet restricted)
rElec  .         Dismiss  .     (no cloak)
rCorr  .         Reflect  .     (no gloves)
SustAt .         Harm     .     (no boots)
MR     ++...                    (no amulet)
Stlth  ..........               (no ring)
                                x - -3 ring of strength (curse)

@: exhausted, very slightly contaminated, regenerating, hasted and slowed,
drained
A: retaliatory headbutt, horns 2
a: Berserk, Trog's Hand, Brothers in Arms, Burn Spellbooks, Renounce Religion


You were on level 2 of the Orcish Mines.
You worshipped Trog.
Trog was greatly pleased with you.
You were near starving.

You visited 2 branches of the dungeon, and saw 11 of its levels.
You also visited: Ossuary.

You collected 610 gold pieces.

Inventory:

Hand Weapons
 a - a +0 hand axe
 p - a +0 battleaxe (weapon)
 u - a +0 war axe
Armour
 b - a +0 animal skin
 d - a +0 ring mail
 e - a +2 ring mail of cold resistance
 y - a cursed -1 plate armour (worn)
 z - a +0 chain mail of poison resistance
Jewellery
 x - a cursed -3 ring of strength (left hand)
Wands
 q - a wand of flame (32/48)
 s - a wand of paralysis (13/24)
Scrolls
 h - 2 scrolls of teleportation
 l - a scroll of recharging
 n - a scroll of magic mapping
Potions
 g - 4 potions of brilliance {unknown}
 i - a potion of heal wounds {unknown}
 j - a potion of invisibility {unknown}
 k - 4 potions of curing
 r - 2 potions of might {unknown}
 t - a potion of flight {unknown}
 v - a potion of berserk rage {unknown}
Comestibles
 c - 4 bread rations
 f - a slice of pizza
 o - 3 meat rations


   Skills:
 - Level 3.6(3.1) Fighting
 * Level 13.4(12.8) Axes
 + Level 9.5(9.0) Armour
 - Level 2.1(1.7) Dodging
 + Level 2.6(2.2) Evocations


You had 8 spell levels left.
You didn't know any spells.

Dungeon Overview and Level Annotations

Branches:
Dungeon (9/15)                Orc (2/2) D:9
 Temple: D:4-7         Lair: D:8-11         Elf: Orc:2

Altars:
Cheibriados
Gozag
Hepliaklqana
Kikubaaqudgha
Beogh

Annotations:
D:7 Pikel


Innate Abilities, Weirdness & Mutations

You reflexively headbutt those who attack you in melee.
You have a pair of horns on your head.


Message History

You kill the orc warrior!
Trog accepts your kill.
You slash the orc sorcerer!
The orc sorcerer gestures at you while chanting.
The bolt of fire hits you!
* * * LOW HITPOINT WARNING * * *
The orc sorcerer barely misses you.
Unknown command.
Unknown command.
Unknown command.
Evoke which item? (* to show all) (? for menu, Esc to quit)
Zapping:
s - a wand of paralysis (13/24)
Press: ? - help, Shift-Dir - straight line, f/p - orc sorcerer
Aim: an orc sorcerer, wielding a dagger and wearing an embroidered robe (severely wounded, chance to defeat MR: 33%)
Okay, then.
Unknown command.
You feel better. The orc hits you but does no damage.
The orc sorcerer points at you and mumbles some strange words.
The bolt of negative energy hits you!
You feel drained.
You die...

.......
.#....o..#.#####
...........#...#
........o..#._.#
...........#@o)# ...
..........o##o##....
...........o.o.......
.............o.......
.......<.............
.....................
#...######...........
... #........... .
#...........


You could see an orc sorcerer, an orc priest and 2 orcs.

Vanquished Creatures
  An orc knight (Orc:2)
  A troll (Orc:2)
  Prince Ribbit (D:6)
  Sigmund (D:6)
  A hungry ghost (D:6)
  A black bear (D:7)
  An ice beast (D:7)
  8 orc warriors
  A phantom (D:6)
  2 ogres
  A giant frog (D:8)
  The ghost of crawlian the Magician, an amateur DEFE (D:4)
  A big kobold (D:9)
  A water moccasin skeleton (D:7)
  2 howler monkeys (D:4)
  2 crimson imps (D:6)
  2 jellies
  8 orc priests
  A centaur skeleton (D:6)
  2 iguanas
  6 orc wizards
  A worker ant (D:8)
  A big kobold zombie (Ossuary)
  3 mummies (Ossuary)
  4 adders
  A shadow imp (D:6)
  2 adder zombies
  A worm (D:6)
  A dart slug (D:2)
  33 orcs
  2 ball pythons
  4 giant cockroaches
  A hobgoblin (D:3)
  2 jackals (D:5)
  8 kobolds
  2 quokkas
  A bat (D:2)
  A giant newt (D:5)
  A gnoll zombie (Ossuary)
  2 goblins
  A goblin zombie (Ossuary)
  2 hobgoblin zombies (Ossuary)
  4 kobold zombies (Ossuary)
  3 quokka zombies (Ossuary)
  3 rats
  3 rat zombies (Ossuary)
132 creatures vanquished.

Vanquished Creatures (others)
  A quokka zombie (Ossuary)
  A rat zombie (Ossuary)
2 creatures vanquished.

Grand Total: 134 creatures vanquished

Notes
Turn   | Place    | Note
-------+----------+-------------------------------------------
     0 | D:1      | 4thArraOfDagon the Minotaur Berserker began the quest for the Orb.
     0 | D:1      | Reached XP level 1. HP: 19/19 MP: 0/0
    97 | D:3      | Reached skill level 4 in Axes
    97 | D:3      | Reached XP level 2. HP: 25/26 MP: 1/1
   184 | D:3      | Reached XP level 3. HP: 29/31 MP: 2/2
   202 | D:3      | Found a hazy altar of Hepliaklqana.
   339 | D:2      | Reached skill level 5 in Axes
   348 | D:3      | Reached ** piety under Trog
   398 | D:4      | Noticed crawlian's ghost (amateur DEFE)
   411 | D:4      | Killed crawlian's ghost
   411 | D:4      | Reached XP level 4. HP: 39/39 MP: 3/3
   509 | D:4      | Reached skill level 6 in Axes
   509 | D:4      | Reached XP level 5. HP: 41/45 MP: 4/4
   667 | D:4      | Noticed an ogre
   674 | D:4      | Killed an ogre
   674 | D:4      | Reached skill level 7 in Axes
   674 | D:4      | Reached XP level 6. HP: 51/51 MP: 5/5
   691 | D:5      | Entered Level 5 of the Dungeon
   753 | D:6      | Reached skill level 5 in Armour
   786 | D:6      | Found an ancient bone altar of Kikubaaqudgha.
   819 | D:6      | Noticed a hungry ghost
   840 | D:6      | Paralysed by fainting for 7 turns
   849 | D:6      | Killed a hungry ghost
   892 | D:6      | Noticed Sigmund
   894 | D:6      | Noticed Prince Ribbit
   905 | D:6      | Killed Sigmund
   905 | D:6      | Reached skill level 8 in Axes
   905 | D:6      | Reached XP level 7. HP: 21/57 MP: 6/6
   906 | D:6      | Killed Prince Ribbit
   906 | D:6      | Reached skill level 9 in Axes
  1027 | D:6      | Found an opulent altar of Gozag.
  1059 | D:7      | Reached XP level 8. HP: 49/64 MP: 7/7
  1065 | D:7      | Reached skill level 10 in Axes
  1122 | D:7      | Noticed Pikel
  1162 | D:9      | Reached *** piety under Trog
  1267 | D:9      | Found a snail-covered altar of Cheibriados.
  1316 | D:8      | Reached skill level 11 in Axes
  1320 | D:8      | Found a sand-covered staircase.
  1329 | Ossuary  | Entered an ossuary
  1552 | D:9      | Found a staircase to the Orcish Mines.
  1601 | D:9      | Found a roughly hewn altar of Beogh.
  1659 | Orc:1    | Entered Level 1 of the Orcish Mines
  1663 | Orc:1    | Reached XP level 9. HP: 70/70 MP: 8/8
  1665 | Orc:1    | Reached skill level 12 in Axes
  1817 | Orc:1    | Reached **** piety under Trog
  1839 | Orc:1    | Reached skill level 1 in Evocations
  1954 | Orc:2    | Entered Level 2 of the Orcish Mines
  1960 | Orc:2    | Found a roughly hewn altar of Beogh.
  1961 | Orc:2    | Noticed a troll
  1967 | Orc:2    | Noticed an orc knight
  1980 | Orc:2    | Killed a troll
  1984 | Orc:2    | Noticed an orc sorcerer
  1993 | Orc:2    | Killed an orc knight
  1993 | Orc:2    | Reached skill level 13 in Axes
  1998 | Orc:2    | HP: 1/70 [orc sorcerer/bolt of fire[an orc knight] (17)]
  1999 | Orc:2    | Killed from afar by an orc sorcerer

Vault maps used:
D:1:      minmay_arrival_stone_box
D:3:      kennysheep_the_goblin_king, lemuel_doored_altar, first_bread
D:4:      kennysheep_mini_moat
D:6:      kennysheep_mini, overflow_temple_1_default, water_maze_lemuel,
          uniq_sigmund, uniq_prince_ribbit1
D:7:      lightli_temple_of_fire, elyvilon_altar_5,
          lemuel_coloured_pillars_altar, corexii_hall_statues_deadend,
          uniq_pikel
D:8:      enter_ossuary_1
D:9:      slow_altar_1, minmay_orc_entry_temple_small
Orc:2:    grunt_orc_community_town_hall, grunt_orc_community_big_house_1,
          grunt_orc_community_big_house_1, grunt_orc_community_house_1,
          grunt_orc_community_house_1, grunt_orc_community_house_3,
          grunt_orc_community_house_2, grunt_orc_community_house_2,
          grunt_orc_community_house_1, serial_shops, shop, shop, shop,
          mines1_david
Ossuary:  ossuary_minmay_chase

Skill      XL: |  1  2  3  4  5  6  7  8  9 |
---------------+----------------------------+-----
Axes           | 4 5 6 7 8 9 11 13 | 13.4
Armour         | 3 4 5 7 8 9 |  9.5
Evocations     | 2 |  2.6
Fighting       | |  3.6
Dodging        | |  2.1

Action                   |  1- 3 |  4- 6 |  7- 9 || total
-------------------------+-------+-------+-------++-------
Melee: Hand axe          |    32 |    27 |       ||    59
       Headbutt          |     5 |     6 |    30 ||    41
       War axe           |       |    42 |   152 ||   194
       Battleaxe         |       |       |    43 ||    43
Invok: Berserk           |     1 |     2 |     8 ||    11
       Trog's Hand       |       |       |     6 ||     6
Evoke: Wand              |       |       |    11 ||    11
  Use: Scroll            |       |       |    11 ||    11
       Potion            |       |       |     2 ||     2
 Stab: Paralysed         |       |       |    18 ||    18
  Eat: Chunk             |       |     3 |    12 ||    15
       Beef jerky        |       |     1 |     1 ||     2
       Royal jelly       |       |     1 |       ||     1
Armor: Ring mail         |    17 |    25 |    63 ||   105
       Plate armour      |       |       |    36 ||    36
Dodge: Dodged            |    25 |    31 |   110 ||   166
